 Dungeon Crawl Stone Soup version 0.29.1-15-g9cfb28693d (webtiles) character file.

Game seed: 6843180046157767729

3126 DemonSlayer the Cudgeller (level 9, -3/65 HPs)
             Began as a Demonspawn Wanderer on Mar 24, 2023.
             Was a Believer of Dithmenos.
             Slain by an orc warrior
             ... wielding a +3 battleaxe
              (20 damage)
             ... on level 9 of the Dungeon.
             The game lasted 00:26:52 (12382 turns).

DemonSlayer the Cudgeller (Demonspawn Wanderer)    Turns: 12382, Time: 00:26:53

Health: -3/65      AC:  7    Str: 11    XL:     9   Next: 61%
Magic:  7/16       EV: 13    Int: 18    God:    Dithmenos [**....]
Gold:   607        SH: 10    Dex: 22    Spells: 0/17 levels left

rFire   + . .      SeeInvis +   v - +5 flail of Dim Light {flame, rElec rPois rN+ Dex+4}
rCold   + . .      Faith    .   t - +0 buckler
rNeg    + . .      Spirit   .   K - +0 troll leather armour
rPois   +          Reflect  .   a - +0 hat
rElec   +          Harm     .   j - scarf {rC+ rF+}
rCorr   .          Rampage  .   (gloves unavailable)
Will    .....                   g - +2 pair of boots {Stlth+}
Stlth   ++++++++..              o - amulet of the acrobat
HPRegen 1.00/turn               s - ring of flight
MPRegen 0.15/turn               x - ring of see invisible

@: flying, wreathed by umbra
A: thin skeletal structure 2, condensation shield, demonic touch 3
a: Renounce Religion, Shadow Step


You were on level 9 of the Dungeon.
You worshipped Dithmenos.
Dithmenos was pleased with you.
You visited 2 branches of the dungeon, and saw 10 of its levels.
You also visited: Ossuary.

You collected 607 gold pieces.

Inventory:

Hand Weapons
 f - a +5 dagger of flaming
 v - the +5 flail of Dim Light (weapon) {flame, rElec rPois rN+ Dex+4}
   (You took it off a hobgoblin on level 3 of the Dungeon)

   It burns those it strikes, dealing additional fire damage.
   Dex:       It affects your dexterity (+4).
   rElec:     It insulates you from electricity.
   rPois:     It protects you from poison.
   rN:        It protects you from negative energy.
Missiles
 w - a throwing net
Armour
 a - a +0 hat (worn)
 g - a +2 pair of boots of stealth (worn)
 j - a scarf of resistance (worn)
 t - a +0 buckler (worn)
 K - a +0 troll leather armour (worn)
Jewellery
 o - an amulet of the acrobat (around neck)
 s - a ring of flight (left hand)
 x - a ring of see invisible (right hand)
 C - a ring of willpower
Wands
 H - a wand of polymorph (9)
Scrolls
 c - a scroll of poison
 e - 3 scrolls of teleportation
 h - 3 scrolls of immolation
 p - a scroll of fear {unknown}
 q - 4 scrolls of fog
 y - a scroll of blinking {unknown}
 z - a scroll of torment {unknown}
 A - a scroll of magic mapping
 B - 2 scrolls of enchant armour {unknown}
 D - a scroll of silence {unknown}
Potions
 b - a potion of brilliance {unknown}
 d - a potion of berserk rage {unknown}
 k - 4 potions of magic
 l - 4 potions of attraction
 m - 2 potions of lignification
 n - 3 potions of might {unknown}
 r - a potion of invisibility
 u - a potion of cancellation {unknown}
 E - a potion of ambrosia {unknown}
 F - 3 potions of curing
 G - 2 potions of flight {unknown}
 I - a potion of heal wounds
 J - a potion of resistance {unknown}


   Skills:
 + Level 3.6 Fighting
 + Level 1.7 Short Blades
 + Level 5.6 Maces & Flails
 + Level 3.1 Armour
 + Level 3.9 Dodging
 + Level 4.3 Stealth
 + Level 3.9 Shields
 + Level 4.8 Spellcasting
 + Level 5.4 Conjurations
 + Level 3.1 Air Magic


You couldn't memorise any spells.
You knew the following spells:

 Your Spells              Type           Power      Damage    Failure   Level
a - Magic Dart            Conj           92%        1d7       2%          1
b - Mephitic Cloud        Conj/Pois/Air  14%        N/A       22%         3
c - Ignite Poison         Fire/Tmut/Pois 4%         N/A       56%         3
d - Dazzling Flash        Conj/Hex       28%        N/A       22%         3
e - Freezing Cloud        Conj/Ice/Air   7%         6-21      89%         5
f - Blink                 Tloc           8%         N/A       34%         2

Your spell library contained the following spells:

 Spells                   Type           Power      Damage    Failure   Level
 Shock                    Conj/Air       76%        1d7       4%          1
 Static Discharge         Conj/Air       19%        3-6/arc   6%          2
 Foxfire                  Conj/Fire      56%        2x1d6     8%          1
 Poisonous Vapours        Pois/Air       18%        N/A       19%         2
 Swiftness                Air            15%        N/A       19%         3
 Apportation              Tloc           8%         N/A       22%         1
 Conjure Flame            Conj/Fire      14%        6-21      22%         3
 Airstrike                Air            7%         2d(2-18)  54%         4
 Call Canine Familiar     Summ           4%         N/A       56%         3
 Inner Flame              Hex/Fire       4%         N/A       56%         3
 Lesser Beckoning         Tloc           4%         N/A       56%         3
 Portal Projectile        Hex/Tloc       8%         N/A       56%         3
 Tukima's Dance           Hex            4%         N/A       56%         3
 Flame Wave               Conj/Fire      14%        2d6       58%         4
 Leda's Liquefaction      Hex/Erth       2%         N/A       92%         4
 Passage of Golubria      Tloc           4%         N/A       92%         4
 Alistair's Intoxication  Tmut/Pois      2%         N/A       99%         5
 Manifold Assault         Tloc           4%         N/A       99%         5
 Yara's Violent Unravell  Hex/Tmut       2%         3d3       99%         5


Dungeon Overview and Level Annotations

Branches:
Dungeon (9/15)             Temple (1/1) D:4             Orc (0/2) D:9
Ossuary (visited)
   Lair: D:8-11

Altars:
Ashenzari
Cheibriados
Dithmenos
Fedhas
Gozag
Hepliaklqana
Kikubaaqudgha
Makhleb
Nemelex Xobeh
Okawaru
Qazlal
Ru
Sif Muna
Trog
Uskayaw
Vehumet
Wu Jian
Xom
Yredelemnul

Annotations:
D:6 3 runed translucent doors, LustLizard's ghost, novice GnWn
D:9 Pikel


Innate Abilities, Weirdness & Mutations

You have a moderately thin skeletal structure. (Dex +4, Stealth++)
A meltable shield of frost defends you. (SH +4)
Your touch may irresistibly damage your foes and sap their willpower.


Message History

You block the orc warrior's attack.
You sock the orc warrior! You burn the orc warrior.
The orc warrior is heavily wounded.
You block the orc warrior's attack.
You hit the orc warrior. You burn the orc warrior.
The orc warrior is severely wounded.
You block the orc warrior's attack.
You hit the orc warrior but do no damage.
The orc warrior is severely wounded.
You block the orc warrior's attack.
The vampire casts a spell.
The vampire flickers and vanishes for a moment.
You hit the orc warrior but do no damage.
The orc warrior is severely wounded.
The orc warrior hits you with a +3 battleaxe!
The orc warrior barely misses you.
You closely miss the orc warrior.
The orc warrior is severely wounded.
You block the orc warrior's attack.
You hit the orc warrior. You burn the orc warrior.
The orc warrior is almost dead.
The orc warrior barely misses you.
You barely miss the orc warrior.
The orc warrior is almost dead.
The orc warrior completely misses you.
You completely miss the orc warrior.
The orc warrior is almost dead.
The orc warrior hits you with a +3 battleaxe!!
You closely miss the orc warrior.
The orc warrior is almost dead.
You block the orc warrior's attack.
You closely miss the orc warrior.
The orc warrior is almost dead.
The orc warrior barely misses you.
The orc warrior hits you with a +3 battleaxe!
* * * LOW HITPOINT WARNING * * *
You hit the orc warrior but do no damage.
The orc warrior is almost dead.
The orc warrior hits you with a +3 battleaxe!!
You die...

.....#.#...###.##..8
.o>...
.......##..###.#..
####### #..##.... #
#...#..# # #...#..#
# #......# #
##...##.# . .
..........#####....
#
...###....Vo@.......
.. #....)##..[.....
. #.#.#.##........
#.#.#.##........
#...#.##........ .#
.. ......... #. #.
######+## #.


You could see a vampire (invisible) and an orc warrior.

Vanquished Creatures
  A troll (D:8)
  3 yaks (D:8)
  2 wyverns (D:8)
  A water moccasin (D:7)
  2 ice beasts
  An ogre (D:6)
  2 centaurs
  A lemure (D:8)
  5 bullfrogs
  A gnoll sergeant (D:5)
  2 necrophages (D:4)
  3 scorpions
  2 quasits (D:8)
  3 hounds
  2 orc priests (D:7)
  A gnoll bouda (D:8)
  Jessica (D:3)
  An iguana (D:3)
  2 orc wizards
  Terence (D:3)
  8 mummies (Ossuary)
  15 gnolls
  9 adders
  6 shadow imps
  3 white imps (D:8)
  8 ufetubi
  2 worms
  5 dart slugs
  28 orcs
  8 bats
  5 endoplasms
  4 giant cockroaches
  3 gnoll zombies (Ossuary)
  11 goblins
  11 hobgoblins
  9 jackals
  4 quokkas
  4 ball pythons
  A hobgoblin zombie (Ossuary)
  4 kobolds
  4 kobold zombies (Ossuary)
  7 rats
196 creatures vanquished.

Vanquished Creatures (others)
  3 demonic plants (D:8)
3 creatures vanquished.

Grand Total: 199 creatures vanquished

Notes
Turn   | Place    | Note
-------+----------+-------------------------------------------
     0 | D:1      | DemonSlayer the Demonspawn Wanderer began the quest for the
                  | Orb.
     0 | D:1      | DemonSlayer set off with the following items: a +0 dagger,
                  | a potion of heal wounds, a +0 robe, a +0 pair of boots; and
                  | the following spells available to memorise: Magic Dart,
                  | Shock, Static Discharge, Poisonous Vapours, Dazzling Flash.
     0 | D:1      | Reached XP level 1. HP: 13/13 MP: 2/2
     2 | D:1      | Learned a level 1 spell: Magic Dart
   307 | D:1      | Gained mutation: Your touch may inflict minor irresistible
                  | damage on your foes. [demonic ancestry]
   307 | D:1      | Reached XP level 2. HP: 19/19 MP: 0/3
   579 | D:1      | Found a faded altar of an unknown god.
  1168 | D:2      | You fall into a shaft and drop 2 floors!
  1232 | D:3      | Noticed Jessica
  1239 | D:3      | Reached XP level 3. HP: 24/24 MP: 2/4
  1241 | D:3      | Killed Jessica
  1529 | D:2      | Reached XP level 4. HP: 30/30 MP: 1/5
  2458 | D:2      | Reached skill level 1 in Short Blades
  2531 | D:2      | Identified a scroll of acquirement
  2531 | D:2      | Acquired a +2 pair of boots of stealth
  2580 | D:2      | Gained mutation: You have a somewhat thin skeletal
                  | structure. (Dex +2, Stealth+) [demonic ancestry]
  2580 | D:2      | Reached XP level 5. HP: 36/36 MP: 3/7
  3080 | D:2      | Learned a level 3 spell: Mephitic Cloud
  3084 | D:2      | Learned a level 3 spell: Ignite Poison
  3359 | D:3      | Noticed Terence
  3705 | D:3      | Identified the +5 flail of Dim Light {flame, rElec rPois
                  | rN+ Dex+4}
  4078 | D:4      | Found a staircase to the Ecumenical Temple.
  4171 | Temple   | Entered the Ecumenical Temple
  4188 | Temple   | Became a worshipper of Dithmenos the Shadowed
  4369 | D:4      | Gained mutation: A meltable shield of frost defends you.
                  | (SH +4) [demonic ancestry]
  4369 | D:4      | Reached XP level 6. HP: 37/42 MP: 6/10
  4716 | D:4      | Reached skill level 1 in Fighting
  5066 | D:4      | Reached skill level 1 in Maces & Flails
  5066 | D:4      | Reached skill level 1 in Armour
  5088 | D:4      | Gained mutation: Your touch may inflict irresistible damage
                  | on your foes. [demonic ancestry]
  5088 | D:4      | Reached XP level 7. HP: 45/48 MP: 3/11
  5423 | D:4      | Learned a level 3 spell: Dazzling Flash
  5651 | D:3      | Killed Terence
  5747 | D:5      | Entered Level 5 of the Dungeon
  5831 | D:5      | Reached * piety under Dithmenos
  5986 | D:5      | Found a burning altar of Makhleb.
  6314 | D:5      | Found a blossoming altar of Fedhas.
  6316 | D:5      | Found a stormy altar of Qazlal.
  6318 | D:5      | Found a basalt altar of Yredelemnul.
  6563 | D:5      | Reached skill level 1 in Shields
  6735 | D:6      | Found a runed translucent gate.
  6735 | D:6      | Found a runed translucent gate.
  6735 | D:6      | Found a runed translucent gate.
  6735 | D:6      | Noticed LustLizard's ghost (novice GnWn)
  6904 | D:6      | Gained mutation: Your touch may irresistibly damage your
                  | foes and sap their willpower. [demonic ancestry]
  6904 | D:6      | Reached XP level 8. HP: 56/56 MP: 12/14
  7119 | D:6      | Reached skill level 5 in Conjurations
  7611 | D:7      | Found an ancient bone altar of Kikubaaqudgha.
  7645 | D:7      | Found a sand-covered staircase.
  7657 | Ossuary  | Entered an ossuary
  8541 | D:7      | Reached ** piety under Dithmenos
 10280 | D:7      | Learned a level 5 spell: Freezing Cloud
 10971 | D:8      | Gained mutation: You have a moderately thin skeletal
                  | structure. (Dex +4, Stealth++) [demonic ancestry]
 10971 | D:8      | Reached XP level 9. HP: 63/63 MP: 10/15
 11688 | D:8      | Reached skill level 5 in Maces & Flails
 12038 | D:8      | Learned a level 2 spell: Blink
 12045 | D:9      | Noticed Pikel
 12045 | D:9      | Noticed a troll
 12061 | D:8      | Killed a troll
 12270 | D:9      | Found a staircase to the Orcish Mines.
 12382 | D:9      | Slain by an orc warrior

Illustrated notes

Levels and vault maps discovered:
D:1:      nzn_arrival_water_spiral, layout_loops_ring,
          hellmonk_ecumenical_altar_run_dry
D:2:      minmay_thinvault, layout_rooms, minmay_tetromino_t2
D:3:      layout_basic, uniq_terence, uniq_jessica
D:4:      layout_cave_pods, temple_statues
D:5:      layout_rooms, mainiacjoe_overflow_alcove_3,
          nicolae_overflow_crystal_walls
D:6:      layout_gridville, ebering_ghost_rock_garden
D:7:      layout_cave_pods, kiku_gazebo_pond_becter,
          nicolae_ossuary_entry_monument, minivault_19
D:8:      layout_rooms, zin_scriptorium, serial_demonic, serial_demonic_d,
          serial_demonic_g, serial_demonic_f, serial_demonic_d,
          serial_demonic_g, serial_demonic_a, serial_demonic_c
D:9:      layout_basic, david_orc_2, uniq_pikel, uniq_grum
Temple:   hellmonk_temple_two_chambers

Skill      XL: |  1  2  3  4  5  6  7  8  9 |
---------------+----------------------------+-----
Air Magic      | 3 |  3.1
Stealth        | 2 3 4 |  4.3
Conjurations   | 4 5 |  5.4
Short Blades   | 1 |  1.7
Spellcasting   | 2 3 4 |  4.8
Fighting       | 1 3 |  3.6
Maces & Flails | 1 2 4 5 |  5.6
Armour         | 1 2 3 |  3.1
Dodging        | 2 3 |  3.9
Shields        | 1 3 |  3.9

Action                   |  1- 3 |  4- 6 |  7- 9 || total
-------------------------+-------+-------+-------++-------
Melee: Dagger            |    40 |    51 |       ||    91
       Touch             |     1 |     4 |       ||     5
       Flail             |       |    31 |   305 ||   336
 Cast: Magic Dart        |    42 |   147 |   165 ||   354
       Mephitic Cloud    |       |     1 |       ||     1
  Use: Scroll            |     1 |    10 |     6 ||    17
       Potion            |       |     4 |     1 ||     5
 Stab: Sleeping          |     5 |     8 |    12 ||    25
       Distracted        |       |     1 |       ||     1
       Invisible         |       |     2 |       ||     2
Armor: Robe              |    22 |    11 |       ||    33
       Leather armour    |       |    25 |   108 ||   133
       Troll leather arm |       |       |     2 ||     2
Dodge: Dodged            |    38 |    72 |   298 ||   408
Block: Buckler           |       |    23 |   232 ||   255
